AoeStats
← zack

Arena

512645984Analyzed
2v2 RM · 5d ago on Oct 10, 2026· 52m 43s· 4 players
Game mode
Random Map
Map size
Medium (4 player)
Population
200
Speed
Normal
Resources
Standard
Victory
Conquest
Starting age
Dark Age
Ending age
Imperial Age
RankedLock teamsTeams togetherTeam positionsShared explorationLock speedFull tech treeHidden civsTurbo modeCheats
Victory
Defeat
🇨🇳 Gurjaras · China
1098
+17
🇨🇳 Khmer · China
1083
+17
vs
🇭🇰 Danes · Hong Kong SAR China
1123
-17
🇭🇰 Varangians · Hong Kong SAR China
1103
-17
zack
11:11 Feudal Age
12:23 Double-Bit Axe
15:44 Castle Age
13:28 Horse Collar
16:43 Gold Mining
17:42 Bow Saw
17:34 Heavy Plow
18:40 Stone Mining
24:19 Wheelbarrow
27:04 Bloodlines
29:51 Imperial Age
28:14 Gold Shaft Mining
28:17 Treadmill Crane
29:14 Hand Cart
29:37 Scale Barding Armor
29:54 Fletching
30:19 Thumb Ring
30:33 Fortified Wall
31:09 Forging
30:56 Bodkin Arrow
33:52 Husbandry
33:56 Bracer
35:16 Iron Casting
34:12 Heavy Camel Rider
35:53 Chain Barding Armor
36:13 Padded Archer Armor
38:53 Leather Archer Armor
38:35 Elite Elephant Archer
40:04 Plate Barding Armor
40:17 Conscription
42:05 Elite Shrivamsha Rider
44:29 Frontier Guards
45:38 Siege Elephant
46:44 Ballistics
47:25 Chemistry
47:21 Kshatriyas
Longlonglong
12:13 Feudal Age
15:20 Castle Age
21:25 Double-Bit Axe
21:41 Horse Collar
37:19 Imperial Age
39:04 Chemistry
45:42 Wheelbarrow
47:46 Hand Cart
48:28 Gold Mining
48:31 Stone Mining
48:51 Padded Archer Armor
marskit
9:42 Feudal Age
10:47 Loom
13:47 Castle Age
11:57 Double-Bit Axe
28:16 Scale Barding Armor
28:22 Forging
29:18 Horse Collar
31:17 Chain Barding Armor
31:33 Iron Casting
35:55 Imperial Age
34:02 Wheelbarrow
37:31 Plate Barding Armor
37:57 Blast Furnace
36:57 Gothikon
38:22 Scale Mail Armor
38:46 Conscription
38:41 Squires
38:27 Arson
39:32 Elite Varangian Guard
41:12 Bow Saw
45:00 Elite Skirmisher
45:35 Fletching
46:02 Chain Mail Armor
46:07 Pikeman
47:09 Halberdier
50:22 Hand Cart
51:56 Plate Mail Armor
51:22 Bodkin Arrow
TOXIC18
10:43 Feudal Age
15:09 Castle Age
13:36 Double-Bit Axe
14:36 Horse Collar
17:54 Bow Saw
21:49 Arson
22:38 Scale Mail Armor
23:05 Loom
27:39 Squires
29:16 Wheelbarrow
30:21 Hand Cart
35:27 Imperial Age
36:56 Onager
41:06 Pikeman
43:45 Siege Onager
43:56 Halberdier
Connection lost

Rejoining the realm…

Still unreachable

The connection could not be restored.

Session expired

The server has moved on; the page needs a fresh start.